AoeStats
← Eugenius

Arena

507364160Analyzed
4v4 RM · 15d ago on Sep 17, 2026· 21m 17s· 8 players
Game mode
Random Map
Map size
Large (8 player)
Population
200
Speed
Normal
Resources
Standard
Victory
Conquest
Starting age
Dark Age
Ending age
Imperial Age
RankedLock teamsTeams togetherTeam positionsShared explorationLock speedFull tech treeHidden civsTurbo modeCheats
Victory
Defeat
🇩🇪 Japanese · Germany
1919
+7
🇨🇳 Mapuche · China
1859
+9
🇩🇪 Jurchens · Germany
1851
+9
🇦🇷 Slavs · Argentina
1750
+12
🇺🇸 Italians · United States
1718
-11
🇵🇪 Spanish · Peru
1680
-9
🇲🇽 Gurjaras · Mexico
1669
-9
🇲🇽 Malay · Mexico
1665
-8
RománMás3
9:07 Feudal Age
9:45 Double-Bit Axe
10:28 Horse Collar
17:27 Wheelbarrow
20:05 Castle Age
18:35 Scale Barding Armor
19:08 Forging
19:26 Bloodlines
19:32 Gold Mining
20:09 Light Cavalry
21:11 Chain Barding Armor
21:09 Bow Saw
[o.p.]Oliver_Khan
10:44 Feudal Age
9:16 Loom
11:10 Loom
11:27 Horse Collar
14:25 Castle Age
12:55 Double-Bit Axe
15:36 Bow Saw
15:19 Gold Mining
20:11 Wheelbarrow
3046964519
11:01 Feudal Age
11:56 Double-Bit Axe
12:13 Gold Mining
14:48 Castle Age
12:41 Horse Collar
15:27 Fletching
18:12 Bodkin Arrow
18:29 Bow Saw
20:54 Padded Archer Armor
21:57 Ballistics
Jan Itor
10:56 Feudal Age
12:01 Horse Collar
12:41 Double-Bit Axe
14:57 Castle Age
16:17 Bow Saw
20:21 Siege Engineers
22:03 Ballistics
quesarito
8:17 Feudal Age
8:47 Double-Bit Axe
12:45 Loom
18:10 Castle Age
16:25 Horse Collar
18:45 Fletching
19:07 Thumb Ring
19:42 Bodkin Arrow
20:21 Padded Archer Armor
20:33 Crossbowman
§Y¶# Ä
1:47 Loom
9:11 Feudal Age
15:00 Castle Age
15:34 Double-Bit Axe
20:29 Husbandry
loco_angel
13:22 Feudal Age
13:04 Double-Bit Axe
13:34 Horse Collar
13:46 Loom
16:28 Castle Age
17:29 Husbandry
21:00 Heavy Plow
21:23 Scale Barding Armor
Eugenius
10:07 Feudal Age
13:50 Castle Age
12:49 Loom
Connection lost

Rejoining the realm…

Still unreachable

The connection could not be restored.

Session expired

The server has moved on; the page needs a fresh start.